 Dungeon Crawl Stone Soup version 0.31-a0-859-g9dce7d3444 (webtiles) character file.

Game seed: 1713918240432926914

5350 MachoJfn the Cleaver (level 10, -1/54 HPs)
             Began as a Djinni Ice Elementalist on Oct 9, 2023.
             Was a Follower of Hepliaklqana.
             Slain by a yak (2 damage)
             ... on level 9 of the Dungeon.
             The game lasted 00:34:47 (10302 turns).

MachoJfn the Cleaver (Djinni Ice Elementalist)     Turns: 10302, Time: 00:34:49

Health: -1/54      AC:  7    Str:  7    XL:     10   Next: 96%
Gold:   332        EV: 14    Int: 27    God:    Hepliaklqana [*.....] SH:  0 Dex: 14

rFire   + + .        k - +5 hand axe (elec)
rCold   x . .        m - orb {*Rage}
rNeg    . . .        o - +0 leather armour
rPois   ∞            r - +2 helmet
rElec   .            (no cloak)
rCorr   .            f - +0 pair of gloves
SInv    .            (boots unavailable)
Will    +....        (no amulet)
Stlth   +++          i - +6 ring of intelligence
HPRegen 0.29/turn    (no ring)
MPRegen 0.00/turn

%: random rage (20%), infuse magic (-2 HP)
@: on berserk cooldown, freezing walls, flying, slowed, very slow
A: reduced essence, sickness immunity, fire resistance 2, cold vulnerability 1,
float, innate caster, HP casting, extra vitality 1
a: Renounce Religion, Recall Ancestor, Ancestor Identity


You were on level 9 of the Dungeon.
You worshipped Hepliaklqana.
Hepliaklqana was aware of your devotion.
You visited 2 branches of the dungeon, and saw 10 of its levels.
You also visited: Ossuary.

You collected 332 gold pieces.

Inventory:

Hand Weapons
 k - a +5 hand axe of electrocution (weapon)
Missiles
 b - 26 stones
 d - 7 boomerangs
 e - 5 curare-tipped darts (quivered)
 n - 6 poisoned darts
 C - 2 throwing nets
Armour
 f - a +0 pair of gloves (worn)
 m - an orb of wrath (worn)
 o - a +0 leather armour (worn)
 r - a +2 helmet (worn)
 y - an orb of guile
Magical Staves
 p - a staff of poison
 q - a staff of cold
Jewellery
 i - a +6 ring of intelligence (left hand)
 G - a +5 ring of evasion
Wands
 g - a wand of iceblast (18)
 l - a wand of flame (48)
 t - a wand of charming (7)
 E - a wand of acid (12)
Scrolls
 j - 3 scrolls of teleportation
 s - 2 scrolls of amnesia
 u - 2 scrolls of revelation
 v - a scroll of immolation
 A - 2 scrolls of silence
Potions
 a - 2 potions of haste
 c - 2 potions of resistance
 h - a potion of magic
 w - a potion of ambrosia
 x - a potion of might
 z - a potion of enlightenment
 B - 2 potions of mutation


   Skills:
 - Level 0.1 Fighting
 + Level 8.4 Axes
 + Level 0.5 Throwing
 - Level 2.0 Armour
 + Level 7.7 Dodging
 + Level 5.6 Stealth
 + Level 6.3 Spellcasting
 + Level 6.3 Conjurations
 + Level 6.3 Hexes
 + Level 6.3 Summonings
 + Level 6.3 Necromancy
 + Level 6.3 Translocations
 + Level 6.3 Transmutations
 + Level 6.3 Fire Magic
 + Level 6.3 Ice Magic
 + Level 6.3 Air Magic
 + Level 6.3 Earth Magic
 + Level 6.3 Poison Magic


You knew the following spells:

 Your Spells              Type           Power      Damage    Failure   Level
a - Freeze                Ice            100%       1d10      1%          1
b - Frozen Ramparts       Ice            86%        1d13      1%          3
c - Ozocubu's Armour      Ice            43%        N/A       1%          3
d - Summon Ice Beast      Ice/Summ       43%        N/A       7%          4
e - Sting                 Tmut/Pois      100%       1d8       1%          1
f - Lesser Beckoning      Tloc           86%        N/A       1%          2
g - Passwall              Tmut/Erth      35%        N/A       1%          2
h - Anguish               Hex/Necr       21%        N/A       7%          4
Your spell library was empty.

Dungeon Overview and Level Annotations

Branches:
Dungeon (9/15)             Temple (1/1) D:6            Lair (0/5) D:8
Ossuary (visited)
    Orc: D:9-12

Altars:
Ashenzari
Cheibriados
Dithmenos
Elyvilon
Fedhas
Gozag
Hepliaklqana
Nemelex Xobeh
Qazlal
Ru
Trog
Uskayaw
Wu Jian
Xom
Yredelemnul
Zin
The Shining One

Shops:
D:1 *   D:8 [

Annotations:
D:7 2 transporters, exclusion: oklob plant, pokeman's ghost, novice DEHW


Innate Abilities, Weirdness & Mutations

Your life essence is reduced to manifest your ancestor. (-10% HP)
You are immune to sickness and miasma.
You are immune to poison.
Your flesh is very heat resistant. (rF++)
You are vulnerable to cold. (rC-)
You float through the air rather than walking.
You learn spells naturally, not from books.
Your magical power is your life essence.
You have superior vitality. (+4 MHP)


Message History

The wall freezes the yak!
You slash the yak! Lightning courses through the yak!
You kill the yak!
The wall freezes the yak. x2
The frozen ramparts melt away as you move.
You feel a strong urge to attack something.
The yak gores Casper.
Casper hits the yak but does no damage.
The yak gores Casper.
You feel your anger nearly subside.
You are no longer berserk.
You are exhausted.
You feel yourself slow down.
Casper hits the yak.
The yak closely misses Casper.
Casper hits the yak.
Casper hits the yak but does no damage.
The yak gores Casper!
Casper hits the yak.
The yak gores Casper.
Casper hits the yak.
The yak gores Casper.
Casper barely misses the yak.
The yak gores Casper!
Casper hits the yak.
The yak gores Casper.
Casper is destroyed!
Casting: Freeze (safe; 1% risk of failure)
Confirm with . or Enter, or press ? or * to list all spells.
Casting: Frozen Ramparts (safe; 1% risk of failure)
Press: ? - help, Dir - look around, f - activate The walls around you are covered in ice.
* * * LOW HITPOINT WARNING * * *
The wall freezes the yak!
The wall freezes the yak.
Casting: Frozen Ramparts (safe; 1% risk of failure)
Confirm with . or Enter, or press ? or * to list all spells.
Aiming: Sting (safe; 1% risk of failure)
Press: ? - help, Shift-Dir - straight line, f - yak
Aim: a yak (heavily wounded, 87% to hit)
The sting hits the yak but does no damage.
The yak is poisoned.
The yak is heavily wounded.
* * * LOW HITPOINT WARNING * * *
The wall freezes the yak!
The yak gores you!
* * * LOW HITPOINT WARNING * * *
The wall freezes the yak!
You kill the yak!
The wall freezes the yak.
The yak gores you.
You die...

#.# #.# #.# #.#
#.# #Y# #†## #
#.Y# .# ##@# ...#
#.#....#
#..#######.#....#
#.............#
...
#.#####.......##
....
...............#
...#
....##.........#
#.#
###..#.........#
..###
#...........#


You could see 2 yaks.

Vanquished Creatures
  A two-headed ogre (D:9)
  A troll (D:9)
  8 yaks (D:9)
  A water moccasin (D:7)
  A sky beast (D:7)
  5 ice beasts
  2 ogres
  3 centaurs
  A phantom (D:5)
  2 elf zombies (Ossuary)
  6 bullfrogs
  5 scorpions
  5 wights (D:7)
  4 howler monkeys
  A human zombie (Ossuary)
  A jelly (D:7)
  A gnoll bouda (D:7)
  2 orc priests
  4 hounds
  Jessica (D:2)
  4 iguanas
  An orc wizard (D:5)
  2 mummies (Ossuary)
  Robin (D:3)
  7 gnolls
  9 adders
  2 shadow imps
  3 white imps (D:7)
  An adder zombie (Ossuary)
  A worm (D:2)
  2 dart slugs
  16 orcs
  5 ball pythons
  10 bats
  10 endoplasms
  3 giant cockroaches
  11 goblins
  7 hobgoblins
  4 kobolds
  6 quokkas
  3 frilled lizards
  9 hobgoblin zombies (Ossuary)
  2 jackal zombies (Ossuary)
  9 kobold zombies (Ossuary)
  10 orc zombies (Ossuary)
  3 rats
  3 rat zombies (Ossuary)
199 creatures vanquished.

Vanquished Creatures (collateral kills)
  A yak (D:9)
  An orc warrior (D:8)
  An ice beast (D:7)
  A bullfrog (D:8)
  An orc wizard (D:8)
5 creatures vanquished.

Vanquished Creatures (others)
  3 ancestors (D:9)
  A dart slug (D:4)
4 creatures vanquished.

Grand Total: 208 creatures vanquished

Notes
Turn   | Place    | Note
-------+----------+-------------------------------------------
     0 | D:1      | MachoJfn the Djinni Ice Elementalist began the quest for
                  | the Orb.
     0 | D:1      | MachoJfn set off with the following spells memorised:
                  | Freeze, Frozen Ramparts, Ozocubu's Armour, Summon Ice
                  | Beast.
     0 | D:1      | Reached XP level 1. HP: 15/15 MP: 0/0
   162 | D:1      | Reached XP level 2. HP: 17/21 MP: 0/0
   464 | D:1      | Reached XP level 3. HP: 25/25 MP: 0/0
   464 | D:1      | Learned a level 1 spell: Sting
   585 | D:1      | Found Faonigusk's Assorted Antiques.
  1257 | D:2      | Reached XP level 4. HP: 27/31 MP: 0/0
  1470 | D:2      | Noticed Jessica
  1487 | D:2      | Killed Jessica
  1957 | D:3      | Reached XP level 5. HP: 34/35 MP: 0/0
  1957 | D:3      | Learned a level 2 spell: Lesser Beckoning
  2182 | D:3      | Noticed Robin
  2190 | D:3      | Killed Robin
  3103 | D:4      | Found a white marble altar of Elyvilon.
  3232 | D:4      | Reached skill level 1 in Armour
  3272 | D:4      | Found a sand-covered staircase.
  3283 | Ossuary  | Entered an ossuary
  3479 | Ossuary  | Reached XP level 6. HP: 18/40 MP: 0/0
  3485 | Ossuary  | Reached skill level 1 in Axes
  3486 | Ossuary  | Reached skill level 2 in Axes
  3496 | Ossuary  | Reached XP level 7. HP: 19/45 MP: 0/0
  3496 | Ossuary  | Learned a level 2 spell: Passwall
  3679 | D:4      | You are sucked into a shaft and drop 3 floors!
  3719 | D:7      | Noticed a water moccasin
  3748 | D:5      | Entered Level 5 of the Dungeon
  3807 | D:4      | Reached skill level 3 in Axes
  3906 | D:4      | Found a bloodstained altar of Trog.
  4658 | D:5      | Reached skill level 5 in Dodging
  4658 | D:5      | Reached XP level 8. HP: 13/50 MP: 0/0
  4762 | D:5      | Reached skill level 4 in Axes
  5529 | D:5      | Found a glowing silver altar of Zin.
  5529 | D:5      | Found a glowing golden altar of the Shining One.
  5660 | D:5      | Reached skill level 5 in Axes
  6046 | D:6      | Found a sparkling altar of Nemelex Xobeh.
  6259 | D:6      | Reached XP level 9. HP: 51/55 MP: 0/0
  6259 | D:6      | Learned a level 4 spell: Anguish
  6369 | D:6      | Reached skill level 5 in Spellcasting
  6369 | D:6      | Reached skill level 5 in Conjurations
  6369 | D:6      | Reached skill level 5 in Hexes
  6369 | D:6      | Reached skill level 5 in Summonings
  6369 | D:6      | Reached skill level 5 in Necromancy
  6369 | D:6      | Reached skill level 5 in Translocations
  6369 | D:6      | Reached skill level 5 in Transmutations
  6369 | D:6      | Reached skill level 5 in Fire Magic
  6369 | D:6      | Reached skill level 5 in Ice Magic
  6369 | D:6      | Reached skill level 5 in Air Magic
  6369 | D:6      | Reached skill level 5 in Earth Magic
  6369 | D:6      | Reached skill level 5 in Poison Magic
  6782 | D:6      | Found a staircase to the Ecumenical Temple.
  6789 | Temple   | Entered the Ecumenical Temple
  6815 | Temple   | Became a worshipper of Hepliaklqana the Forgotten
  7379 | D:7      | Reached skill level 6 in Axes
  7442 | D:7      | Noticed a hornet
  7768 | D:7      | Noticed pokeman's ghost (novice DEHW)
  7769 | D:7      | Noticed a brown ugly thing
  7774 | D:7      | Found a transporter.
  7776 | D:7      | Found a transporter.
  7864 | D:7      | Noticed a manticore
  8034 | D:7      | Found a hide-covered altar of Uskayaw.
  8050 | D:7      | Reached * piety under Hepliaklqana
  8156 | D:7      | Noticed an oklob plant
  8365 | D:7      | Reached XP level 10. HP: 52/54 MP: 0/0
  8370 | D:7      | Found an opulent altar of Gozag.
  8555 | D:8      | Reached skill level 5 in Stealth
  8778 | D:8      | Found a staircase to the Lair.
  8923 | D:8      | Found Plog's Armour Shop.
  9053 | D:8      | Found a shadowy altar of Dithmenos.
  9845 | D:9      | Reached skill level 7 in Axes
  9884 | D:9      | Noticed a two-headed ogre
  9897 | D:9      | Killed a two-headed ogre
 10166 | D:9      | Found a shimmering altar of Xom.
 10183 | D:9      | Reached skill level 8 in Axes
 10302 | D:9      | HP: 1/54 [yak (8)]
 10302 | D:9      | Slain by a yak

Illustrated notes

Levels and vault maps discovered:
D:1:      lordsloth_arrival_two_stooges, layout_basic, serial_shops, shop,
          fountainhead
D:2:      layout_rooms, uniq_jessica
D:3:      layout_basic, uniq_robin
D:4:      layout_basic, kennysheep_mini, marbit_many_paths,
          chequers_ossuary_entry_cave
D:5:      layout_loops_corners, gammafunk_temple_overflow_statue
D:6:      layout_loops_corners, mainiacjoe_overflow_paths,
          minmay_temple_entry_trees
D:7:      layout_rooms, mainiacjoe_overflow_brackets,
          mainiacjoe_overflow_surrounded_room, nzn_ghost_randoct
D:8:      layout_cave_pools, grunt_dithmenos_smoke_and_mirrors,
          dpeg_oklobed_lair, serial_shops, nicolae_shop_rolling_square,
          chequers_serial_rivers_room_a
D:9:      layout_rooms, mainiacjoe_overflow_catwalk,
          mainiacjoe_overflow_small_starburst, minmay_the_grid_2x2
          [minmay_the_grid_tree, minmay_the_grid_tri_star,
          minmay_the_grid_stretched_grid, minmay_the_grid_prize_big_room]
Temple:   nicolae_temple_two_arcs

Skill      XL: |  1  2  3  4  5  6  7  8  9 10 |
---------------+-------------------------------+-----
Stealth        | 2 3 4 5 |  5.6
Dodging        | 3 4 5 6 7 |  7.7
Armour         | 1 2 |  2.0
Axes           | 2 3 5 6 8 |  8.4
Spellcasting   | 4 5 6 |  6.3
Conjurations   | 4 5 6 |  6.3
Hexes          | 4 5 6 |  6.3
Summonings     | 4 5 6 |  6.3
Necromancy     | 4 5 6 |  6.3
Translocations | 4 5 6 |  6.3
Transmutations | 4 5 6 |  6.3
Fire Magic     | 4 5 6 |  6.3
Ice Magic      | 4 5 6 |  6.3
Air Magic      | 4 5 6 |  6.3
Earth Magic    | 4 5 6 |  6.3
Poison Magic   | 4 5 6 |  6.3
Fighting       | |  0.1
Throwing       | |  0.5

Action                     |  1- 3 |  4- 6 |  7- 9 | 10-12 || total
---------------------------+-------+-------+-------+-------++-------
  Melee: Unarmed           |     3 |       |       |       ||     3
         Hand axe          |       |    50 |    88 |    38 ||   176
  Throw: Dart              |       |     1 |     1 |       ||     2
   Cast: Freeze            |    44 |    39 |    52 |     5 ||   140
         Frozen Ramparts   |     2 |    20 |    21 |     9 ||    52
         Sting             |       |     8 |    64 |     6 ||    78
         Ozocubu's Armour  |       |     5 |     8 |     2 ||    15
         Lesser Beckoning  |       |     5 |     4 |     7 ||    16
         Passwall          |       |       |     1 |       ||     1
         Summon Ice Beast  |       |       |       |     1 ||     1
 Invoke: Ancestor Identity |       |       |     2 |       ||     2
    Use: Scroll            |     4 |     3 |    14 |     2 ||    23
         Potion            |     1 |     1 |     3 |     4 ||     9
   Stab: Distracted        |       |       |     1 |       ||     1
         Sleeping          |       |       |     1 |       ||     1
 Armour: Robe              |    21 |     3 |       |       ||    24
         Leather armour    |       |    76 |    94 |    39 ||   209
         Skin              |       |       |     5 |       ||     5
  Dodge: Dodged            |    18 |    93 |    69 |    26 ||   206

Table legend: (Time is in decaauts)
 A = Elapsed time spent in this place.
 B = Non-inter-level travel time spent in this place.
 C = Inter-level travel time spent in this place.
 D = Time resting spent in this place.
 E = Time spent auto-exploring this place.
 F = Levels seen in this place.
 G = Mean time per level.
                   A        B        C        D        E       F      G
               +--------+--------+--------+--------+--------+-----+--------+
         Total |  10512 |   9732 |    780 |   3062 |   5121 |  11 |  955.6 |
       Dungeon |  10060 |   9314 |    746 |   2940 |   4994 |   9 | 1117.8 |
        Temple |     36 |      2 |     34 |      0 |      0 |   1 |   36.0 |
       Ossuary |    416 |    416 |      0 |    122 |    127 |   1 |  416.0 |
               +--------+--------+--------+--------+--------+-----+--------+

Top non-repeatable levels by time:
     D:5: 1679 daAuts
     D:7: 1370 daAuts
     D:8: 1300 daAuts
     D:6: 1244 daAuts
     D:3: 1157 daAuts
     D:4: 1155 daAuts
     D:1: 1015 daAuts
     D:2: 631 daAuts
     D:9: 505 daAuts
 Ossuary: 416 daAuts
  Temple: 36 daAuts
